 Dungeon Crawl Stone Soup version 0.29-a0-337-g68df138881 (webtiles) character file.

Game seed: 17373061587309455910

1143 Dauddaud the Cleaver (level 8, -3/64 HPs)
             Began as a Minotaur Berserker on Apr 16, 2022.
             Was a Priest of Trog.
             Slain by an ogre
             ... wielding a +0 giant club
              (19 damage)
             ... on level 6 of the Dungeon.
             The game lasted 00:08:57 (5543 turns).

Dauddaud the Cleaver (Minotaur Berserker)           Turns: 5543, Time: 00:08:57

Health: -3/64      AC: 11    Str: 25    XL:     8   Next: 15%
Magic:  7/7        EV:  7    Int:  4    God:    Trog [***...]
Gold:   220        SH:  0    Dex:  9    Spells: 7/7 levels left

rFire   . . .      SeeInvis .   a - +0 hand axe
rCold   . . .      Faith    .   (no shield)
rNeg    . . .      Spirit   .   s - +0 plate armour
rPois   .          Reflect  .   (helmet restricted)
rElec   .          Harm     .   (no cloak)
rCorr   .          Rampage  .   (no gloves)
Will    ++...                   (no boots)
Stlth   ..........              (no amulet)
HPRegen 1.20/turn               (no ring)
MPRegen 0.10/turn               (no ring)

@: strong-willed (expiring), on berserk cooldown, regenerating (expiring),
slowed, very slow
A: horns 2, retaliatory headbutt
a: Renounce Religion, Berserk, Trog's Hand


You were on level 6 of the Dungeon.
You worshipped Trog.
Trog was most pleased with you.
You visited 1 branch of the dungeon, and saw 6 of its levels.

You collected 220 gold pieces.

Inventory:

Hand Weapons
 a - a +0 hand axe (weapon)
 C - a +0 flail
 D - a +0 trident
 E - a +0 flail of holy wrath
Armour
 b - a +0 animal skin
 f - a +0 scale mail
 i - a +0 ring mail
 s - a +0 plate armour (worn)
Wands
 t - a wand of paralysis (6)
 z - a wand of polymorph (2)
Scrolls
 c - a scroll of enchant armour {unknown}
 d - 5 scrolls of enchant weapon {unknown}
 e - 4 scrolls of identify {unknown}
 j - 2 scrolls of teleportation
 n - a scroll of fear {unknown}
 p - a scroll of blinking {unknown}
 q - a scroll of vulnerability {unknown}
 v - a scroll of magic mapping {unknown}
 y - a scroll of fog {unknown}
 A - a scroll of holy word {unknown}
Potions
 g - a potion of heal wounds {unknown}
 h - a potion of magic {unknown}
 k - 4 potions of curing {unknown}
 l - 3 potions of attraction {unknown}
 m - a potion of might {unknown}
 o - 2 potions of lignification {unknown}
 r - 2 potions of flight {unknown}
 u - a potion of ambrosia {unknown}
 w - a potion of haste
 x - a potion of resistance {unknown}
 B - a potion of brilliance {unknown}


   Skills:
 - Level 3.6 Fighting
 + Level 12.0 Axes
 - Level 2.4 Armour
 - Level 2.1 Dodging


You had 7 spell levels left.
You didn't know any spells.
Your spell library was empty.

Dungeon Overview and Level Annotations

Branches:
Dungeon (6/15)
 Temple: D:4-7

Altars:
Cheibriados
Ru
Trog
Uskayaw
Zin
The Shining One


Innate Abilities, Weirdness & Mutations

You have a pair of horns on your head.
You reflexively headbutt those who attack you in melee.


Message History

You see here a black bear corpse.
You feel a strong urge to attack something.
You are no longer berserk.
You are exhausted.
You feel yourself slow down.
The gnoll moves out of view.
You see here an iguana corpse.
Your skin crawls.
You feel strong-willed. The iguana bites you!
The gnoll hits you but does no damage.
The iguana splashes around in the water.
The iguana barely misses you. The iguana bites you!
* * * LOW HITPOINT WARNING * * *
The gnoll hits you but does no damage. The gnoll barely misses you.
The iguana barely misses you. The gnoll attacks as you move away!
The gnoll hits you but does no damage. The iguana attacks as you move away!
The iguana bites you!
* * * LOW HITPOINT WARNING * * *
The gnoll barely misses you.
The iguana hisses menacingly.
The iguana barely misses you. The iguana attacks as you move away!
The iguana bites you but does no damage.
The gnoll attacks as you move away! The gnoll hits you but does no damage.
As you read the scroll labelled ZAPNAU HATUPOR, it crumbles to dust.
You feel strangely unstable.
It was a scroll of teleportation.
The gnoll hits you with a +0 club.
* * * LOW HITPOINT WARNING * * *
The gnoll barely misses you. You furiously retaliate!
You headbutt the gnoll.
Your surroundings suddenly seem different.
A hound, an iguana and an ogre come into view.
Found a stone staircase leading up.
The hound barks!
The ogre shouts!
An ice beast comes into view.
The hound moves out of view.
The hound bites you.
* * * LOW HITPOINT WARNING * * *
You feel the effects of Trog's Hand fading.
The hound barely misses you. You furiously retaliate!
You headbutt the hound.
The ogre hits you with a +0 giant club!!
You die...

.# .. #. .. #.
### #. .#
.....#<#######..#
#...@h.......#.
##...O.l.......
..........###..##
##.#.....Y.. . #.
##.##...... #. ##
#....... #
#.....## #.....#
##...##


You could see an ice beast, an ogre, an iguana and a hound.

Vanquished Creatures
  2 sky beasts (D:6)
  2 black bears
  An ogre (D:4)
  A kobold brigand (D:3)
  The ghost of Olga the Charlatan, an amateur SpAr (D:3)
  3 hounds
  2 orc priests
  5 iguanas
  An orc wizard (D:4)
  7 gnolls
  9 adders
  2 ufetubi (D:5)
  2 worms (D:3)
  2 dart slugs
  9 orcs
  9 bats
  2 endoplasms
  6 giant cockroaches
  9 goblins
  7 hobgoblins
  3 jackals (D:4)
  3 quokkas
  5 ball pythons
  A frilled lizard (D:1)
  11 kobolds
  2 rats
107 creatures vanquished.

Vanquished Creatures (others)
  3 plants
  2 withered plants (D:2)
5 creatures vanquished.

Grand Total: 112 creatures vanquished

Notes
Turn   | Place    | Note
-------+----------+-------------------------------------------
     0 | D:1      | Dauddaud the Minotaur Berserker began the quest for the
                  | Orb.
     0 | D:1      | Reached XP level 1. HP: 19/19 MP: 0/0
   147 | D:1      | Reached skill level 4 in Axes
   220 | D:1      | Reached XP level 2. HP: 26/26 MP: 1/1
   507 | D:1      | Reached ** piety under Trog
   608 | D:1      | Reached skill level 5 in Axes
   900 | D:2      | Found a faded altar of an unknown god.
   908 | D:2      | Reached XP level 3. HP: 31/31 MP: 2/2
  1302 | D:2      | Reached skill level 6 in Axes
  1302 | D:2      | Reached XP level 4. HP: 31/39 MP: 3/3
  2026 | D:3      | Reached XP level 5. HP: 26/45 MP: 4/4
  2186 | D:3      | Found a runed translucent gate.
  2186 | D:3      | Found a runed translucent gate.
  2186 | D:3      | Noticed Olga's ghost (amateur SpAr)
  2187 | D:3      | Found a runed translucent gate.
  2264 | D:3      | Reached skill level 7 in Axes
  2402 | D:3      | Killed Olga's ghost
  2403 | D:3      | Reached skill level 8 in Axes
  2403 | D:3      | Reached XP level 6. HP: 36/51 MP: 5/5
  3033 | D:4      | Found a glowing golden altar of the Shining One.
  3151 | D:4      | Reached *** piety under Trog
  3410 | D:4      | Reached skill level 9 in Axes
  3629 | D:4      | Reached skill level 10 in Axes
  3629 | D:4      | Reached XP level 7. HP: 31/57 MP: 6/6
  3982 | D:4      | Found a snail-covered altar of Cheibriados.
  4130 | D:5      | Entered Level 5 of the Dungeon
  4162 | D:5      | Found a glowing silver altar of Zin.
  4193 | D:5      | Found a hide-covered altar of Uskayaw.
  4319 | D:5      | Found a sacrificial altar of Ru.
  5185 | D:5      | Found a bloodstained altar of Trog.
  5388 | D:6      | Reached skill level 11 in Axes
  5416 | D:6      | Reached XP level 8. HP: 48/64 MP: 7/7
  5531 | D:6      | Reached skill level 12 in Axes
  5543 | D:6      | Slain by an ogre

Illustrated notes

Levels and vault maps discovered:
D:1:      kilobyte_arrival_exit_the_forest, layout_rooms
D:2:      layout_rooms, ebering_ecumenical_altar_petrified
D:3:      layout_basic, gammafunk_ghost_nasty_kobolds, serial_aquarium,
          aquarium_bridge_square [aquarium_subvault_bridge,
          aquarium_subvault_bridge, aquarium_subvault_bridge,
          aquarium_subvault_bridge], aquarium_window_fake,
          aquarium_window_corridor_2, aquarium_window_corner, aquarium_view_2c,
          aquarium_view_2a
D:4:      layout_loops_ring, marbit_many_paths,
          mainiacjoe_overflow_concentric_impassable
D:5:      layout_basic, mainiacjoe_overflow_alcove_1,
          mainiacjoe_overflow_large_starburst, mainiacjoe_overflow_chevrons,
          kennysheep_path_1, grunt_ministairs_3
D:6:      layout_loops_ring, minmay_temple_entry_gardened_gates,
          serial_bayou_ford_a, minmay_ruffians

Skill      XL: |  1  2  3  4  5  6  7  8 |
---------------+-------------------------+-----
Axes           | 4 5 6 8 10 11 12 | 12.0
Fighting       | |  3.6
Armour         | |  2.4
Dodging        | |  2.1

Action                   |  1- 3 |  4- 6 |  7- 9 || total
-------------------------+-------+-------+-------++-------
Melee: Hand axe          |    65 |   149 |   122 ||   336
       Headbutt          |    11 |    17 |    12 ||    40
       Punch             |       |     3 |       ||     3
Invok: Berserk           |       |     1 |     1 ||     2
       Trog's Hand       |       |       |     1 ||     1
  Use: Scroll            |       |       |     1 ||     1
 Stab: Sleeping          |     1 |       |       ||     1
       Invisible         |       |     1 |       ||     1
Armor: Animal skin       |     6 |       |       ||     6
       Scale mail        |    12 |     9 |       ||    21
       Plate armour      |       |    60 |    58 ||   118
Dodge: Dodged            |    47 |    47 |    48 ||   142

Table legend: (Time is in decaauts)
 A = Elapsed time spent in this place.
 B = Non-inter-level travel time spent in this place.
 C = Inter-level travel time spent in this place.
 D = Time resting spent in this place.
 E = Time spent auto-exploring this place.
 F = Levels seen in this place.
 G = Mean time per level.
                   A        B        C        D        E       F      G
               +--------+--------+--------+--------+--------+-----+--------+
         Total |   5535 |   5290 |    245 |    687 |   3851 |   6 |  922.5 |
       Dungeon |   5535 |   5290 |    245 |    687 |   3851 |   6 |  922.5 |
               +--------+--------+--------+--------+--------+-----+--------+

Top non-repeatable levels by time:
     D:3: 1389 daAuts
     D:5: 1227 daAuts
     D:4: 1104 daAuts
     D:1: 905 daAuts
     D:2: 745 daAuts
     D:6: 161 daAuts
